[Event "*** SCC Grand Prix: Titled Tuesday Blitz"]
[Site "Chess.com"]
[Date "2020.09.08"]
[Round "9"]
[White "IveBeenThroughPain"]
[Black "dpopadic"]
[Result "1-0"]
[WhiteElo "2480"]
[BlackElo "2357"]
[TimeControl "180+1"]
[EndTime "11:45:56 PDT"]
[Termination "IveBeenThroughPain won by resignation"]

1. e4 c5 2. d4 cxd4 3. c3 d3 4. Bxd3 Nc6 5. c4 d6 6. h3 Nf6 7. Nf3 e6 8. O-O Be7 9. Nc3 O-O 10. Be3 Bd7 11. Rc1 Rc8 12. b3 a6 13. Bb1 Ne5 14. Nd4 Qc7 15. f4 Nc6 16. Nd5 exd5 17. cxd5 Qb8 18.
dxc6 bxc6 19. g4 c5 20. Nf5 Bxf5 21. gxf5 Qb7 22. Qd3 Rfe8 23. e5 Nd5 24. f6 Bxf6 25. Qxh7+ Kf8 26. exf6 Nxf6 27. Qh8+ Ng8 28. Rce1 Re6 29.
Bh7 Ke7 30. f5 Nf6 31. Qxg7 Re5 32. Bg5 Rxe1 33. Rxe1+ Kd7 34. Qxf7+ Kc6 35. Qxb7+ Kxb7 36. Bxf6 1-0

[Event "*** SCC Grand Prix: Titled Tuesday Blitz"]
[Site "Chess.com"]
[Date "2020.09.08"]
[Round "9"]
[White "Bastiandash"]
[Black "juli2512"]
[Result "1-0"]
[WhiteElo "2366"]
[BlackElo "2048"]
[TimeControl "180+1"]
[EndTime "11:45:58 PDT"]
[Termination "Bastiandash won by resignation"]

1. e4 c5 2. Nf3 d6 3. d4 cxd4 4. Nxd4 Nf6 5. Nc3 Nc6 6. Be3 e5 7. Nf3 h6 8. Nd2 Be6 9. Nc4 Ng4 10. f3 Nxe3 11. Nxe3 Be7 12. Ncd5 Bg5 13. c3 O-O 14.
Be2 g6 15. O-O f5 16. exf5 gxf5 17. f4 exf4 18. Nxf4 Qb6 19. Qd2 Rae8 20. Kh1 Ne5 21.
Nxe6 Bxe3 22. Qd5 Rf7 23. Bh5 Qc6 24. Bxf7+ Kxf7 25. Ng5+ Kf6 26. Ne4+ Kg7 27. Qxc6 bxc6 28. Nxd6 Rd8 29. Nxf5+ 1-0

[Event "*** SCC Grand Prix: Titled Tuesday Blitz"]
[Site "Chess.com"]
[Date "2020.09.08"]
[Round "9"]
[White "Konavets"]
[Black "DenLaz"]
[Result "1-0"]
[WhiteElo "3069"]
[BlackElo "2774"]
[TimeControl "180+1"]
[EndTime "11:46:03 PDT"]
[Termination "Konavets won by resignation"]

1. e4 e5 2. Nf3 Nc6 3. Bb5 a6 4.
Ba4 Nf6 5. O-O Be7 6. Re1 b5 7.
Bb3 d6 8. c3 O-O 9. h3 Na5 10.
Bc2 c5 11. d4 Qc7 12. d5 Bd7 13. b3 g6 14. Nbd2 Nh5 15. Nf1 Nb7 16. Bh6 Rfe8 17.
g4 Nf4 18. Kh2 Bf8 19. Bg5 Bg7 20. Ng3 h6 21. Bxf4 exf4 22. Ne2 Re7 23. Qd2 g5 24.
Rg1 Rae8 25. Rae1 a5 26. c4 a4 27. Qd3 axb3 28. axb3 bxc4 29. bxc4 Be5 30. Nxe5 Rxe5 31. Qd2 Nd8 32. Nc1 f6 33. Nd3 R5e7 34. Qc3 Kg7 35. Nxf4 gxf4 36. g5 Re5 37. gxf6+ Kxf6 38. Qf3 Rf8 39.
Qxf4+ Ke7 40. Qh4+ Ke8 41. Rg7 Nf7 42. f4 Re7 43. Rd1 Qa5 44. e5 dxe5 45. d6 Re6 46. f5 Qa2 47. fxe6 Qxc2+ 48. Rg2 Qxg2+ 49. Kxg2 1-0

[Event "*** SCC Grand Prix: Titled Tuesday Blitz"]
[Site "Chess.com"]
[Date "2020.09.08"]
[Round "9"]
[White "ARMQUEEN"]
[Black "LuisFSiles"]
[Result "1-0"]
[WhiteElo "2459"]
[BlackElo "2346"]
[TimeControl "180+1"]
[EndTime "11:46:05 PDT"]
[Termination "ARMQUEEN won on time"]

1. e4 e5 2. Nf3 Nc6 3. Bc4 Nf6 4.
d3 h6 5. c3 d6 6. Nbd2 g6 7.
b4 Bg7 8. O-O O-O 9. h3 d5 10.
exd5 Nxd5 11. Qc2 Nxc3 12. b5 Ne2+ 13. Kh1 Ncd4 14. Nxd4 Nxd4 15. Qd1 Qh4 16. Kh2 e4 17. Nxe4 Be6 18. Bxe6 fxe6 19. Rb1 Rf5 20. Be3 Raf8 21. f4 e5 22. Qa4 Rh5 23. Bxd4 exd4 24. Qc4+ Kh7 25.
Qxc7 g5 26. fxg5 Rf2 27. Rxf2 1-0

[Event "*** SCC Grand Prix: Titled Tuesday Blitz"]
[Site "Chess.com"]
[Date "2020.09.08"]
[Round "9"]
[White "woodpusher52"]
[Black "KatarinaOstojic"]
[Result "0-1"]
[WhiteElo "2440"]
[BlackElo "2347"]
[TimeControl "180+1"]
[EndTime "11:46:06 PDT"]
[Termination "KatarinaOstojic won by resignation"]

1. d4 f5 2. h3 Nf6 3. g4 d6 4. Bg2 g6 5. Nc3 c6 6. e4 fxg4 7. hxg4 Bxg4 8. f3 Bd7 9. Nge2 e5 10. O-O Bg7 11. f4 O-O 12. Ng3 Ng4 13. f5 Qh4 14. Rf3 exd4 15. Nce2 Qh2+ 16. Kf1 Bh6 17. Bxh6 Qxh6 18. Qxd4 Nh2+ 19. Kf2 Nxf3 20. Bxf3 Qh2+ 21. Ke3 Qh6+ 22. Kf2 d5 23. exd5 Bxf5 24. Rh1 Qg7 25. Qh4 Bxc2 26. dxc6 Nxc6 27. Qc4+ Qf7 28. Qxc2 Qxf3+ 29. Ke1 Rae8 30. Kd1 Qe3 31. Ke1 Qxg3+ 32. Kd1 Qe3 33.
Ke1 Rf7 34. a3 Nd4 0-1

[Event "*** SCC Grand Prix: Titled Tuesday Blitz"]
[Site "Chess.com"]
[Date "2020.09.08"]
[Round "9"]
[White "zmeeed67"]
[Black "DonPreuss"]
[Result "0-1"]
[WhiteElo "2408"]
[BlackElo "2258"]
[TimeControl "180+1"]
[EndTime "11:46:07 PDT"]
[Termination "DonPreuss won by resignation"]

1. e4 e5 2. Nf3 d5 3. Nc3 dxe4 4. Nxe4 f5 5. Ng3 e4 6. Ne5 Qd4 7. Nc4 Bc5 8. Qe2 Nf6 9. c3 Qd8 10. b4 Bb6 11. d4 O-O 12. a4 c6 13. Nxb6 axb6 14.
Bf4 Be6 15. Qb2 Nbd7 16. Be2 Kh8 17. O-O Nd5 18. Bd6 Qh4 19. c4 N5f6 20. Bxf8 Rxf8 21. a5 f4 22. axb6 fxg3 23. fxg3 Qg5 24. Ra7 Nxb6 25. Rxb7 Nxc4 26. Qc3 Ne3 27. Rf4 Ned5 28. Qxc6 Nxf4 29.
gxf4 Qxf4 30. Qxe6 Qe3+ 31. Kh1 Qc1+ 0-1

[Event "*** SCC Grand Prix: Titled Tuesday Blitz"]
[Site "Chess.com"]
[Date "2020.09.08"]
[Round "9"]
[White "zajka-molotok"]
[Black "Roaccutane"]
[Result "1-0"]
[WhiteElo "2415"]
[BlackElo "2593"]
[TimeControl "180+1"]
[EndTime "11:46:08 PDT"]
[Termination "zajka-molotok won by resignation"]

1. d4 Nf6 2. c4 c5 3. d5 b5 4. Qc2 e5 5. e4 bxc4 6. Bxc4 d6 7.
Nc3 Be7 8. Nge2 O-O 9. O-O Na6 10. a3 Nc7 11. b4 cxb4 12. axb4 Bd7 13. Be3 Qb8 14.
Rfb1 Nb5 15. f3 Rc8 16. Qd3 a6 17. Na4 Bd8 18. h3 h6 19. Kh2 Ne8 20. f4 Qb7 21. fxe5 dxe5 22. Nc5 Qc7 23. Rc1 Ned6 24. Bb3 f5 25.
Nxa6 fxe4 26. Nxc7 exd3 27. Nxa8 dxe2 28. Rxc8 Bxc8 29.
Re1 Nd4 30. Bxd4 exd4 31. Rxe2 Bb7 32. Ra2 d3 33. Kg1 d2 34. Kf1 Bxd5 35. Bxd5+ 1-0

[Event "*** SCC Grand Prix: Titled Tuesday Blitz"]
[Site "Chess.com"]
[Date "2020.09.08"]
[Round "9"]
[White "artichaud"]
[Black "RamyresCoelho"]
[Result "1-0"]
[WhiteElo "2211"]
[BlackElo "1791"]
[TimeControl "180+1"]
[EndTime "11:46:09 PDT"]
[Termination "artichaud won by checkmate"]

1. e4 c5 2. Nf3 d6 3. d4 cxd4 4. Nxd4 Nf6 5. Nc3 a6 6. h3 e6 7. g4 h6 8. Bg2 Qc7 9. O-O Nc6 10. Be3 Be7 11. Qe2 Rb8 12. Rad1 Na5 13. a4 Nc4 14. Bc1 Bd7 15. f4 b5 16. axb5 axb5 17. Rfe1 e5 18.
Nf5 Bxf5 19. exf5 Qc5+ 20. Kh1 O-O 21. Nd5 Nxd5 22. Rxd5 Qc7 23. fxe5 Nxe5 24. Bf4 Rfc8 25. c3 Bf6 26. Rxb5 Rxb5 27. Qxb5 Rb8 28. Qe2 Nc4 29. Bd5 Nxb2 30. c4 Na4 31. Qh2 Rb2 32. Qg3 Qd8 33. Qe3 Nc5 34. Qe8+ Qxe8 35. Rxe8+ Kh7 36. Bxf7 Rb1+ 37. Kg2 Rb3 38. Bg6# 1-0

[Event "*** SCC Grand Prix: Titled Tuesday Blitz"]
[Site "Chess.com"]
[Date "2020.09.08"]
[Round "9"]
[White "GigaQuparadze"]
[Black "GMHess"]
[Result "1-0"]
[WhiteElo "2919"]
[BlackElo "2771"]
[TimeControl "180+1"]
[EndTime "11:46:10 PDT"]
[Termination "GigaQuparadze won by resignation"]

1. e4 e6 2. d4 d5 3. Nd2 Qd7 4.
Ngf3 f6 5. c4 dxe4 6. Nxe4 b6 7.
Bd3 Bb7 8. O-O Nc6 9. d5 Nb4 10.
Nc3 O-O-O 11. Nd4 Nxd3 12. Qxd3 exd5 13. cxd5 Ne7 14. Ndb5 a6 15. d6 axb5 16. Nxb5 Nd5 17. a4 Bxd6 18. Qc4 Kb8 19. a5 Qc6 20. Qxc6 Bxc6 21. Nd4 Bb7 22. a6 Ba8 23. Bd2 Bf4 24. a7+ Kc8 25. Bc3 Be5 26. Ne6 Nxc3 27. bxc3 Rd6 28.
Nxg7 Rg8 29. f4 Rxg7 30. Rf2 Rxg2+ 31. Rxg2 Bxg2 32. Kxg2 Rd2+ 1-0

[Event "*** SCC Grand Prix: Titled Tuesday Blitz"]
[Site "Chess.com"]
[Date "2020.09.08"]
[Round "9"]
[White "keepitcool9499"]
[Black "creativity"]
[Result "1-0"]
[WhiteElo "2637"]
[BlackElo "2113"]
[TimeControl "180+1"]
[EndTime "11:46:10 PDT"]
[Termination "keepitcool9499 won on time"]

1. d4 Nf6 2. c4 e6 3. Nc3 Bb4 4. Bd2 O-O 5. Nf3 b6 6. e3 Bb7 7.
Bd3 d6 8. a3 Bxc3 9. Bxc3 c5 10. Qc2 h6 11. dxc5 dxc5 12. O-O-O Qe7 13. h3 Nbd7 14.
Rhg1 Rfd8 15. Ne5 Nxe5 16. Bxe5 Rd7 17. g4 Rad8 18. Be2 Rxd1+ 19. Bxd1 Be4 20. Qc3 Bd3 21.
g5 hxg5 22. Rxg5 Bg6 23. h4 Ne4 24. Qe1 Nxg5 25. hxg5 Qxg5 26. f4 Qf5 27. e4 Qxe4 28.
Qxe4 Bxe4 29. Bc7 Rd3 30. f5 Re3 31. fxe6 fxe6 32. Bc2 Bxc2 33. Kd2 Rh3 34. Kxc2 Rh5 35. Kb3 1-0

[Event "*** SCC Grand Prix: Titled Tuesday Blitz"]
[Site "Chess.com"]
[Date "2020.09.08"]
[Round "9"]
[White "jhonnyuribe"]
[Black "BogdanDeac"]
[Result "1-0"]
[WhiteElo "2556"]
[BlackElo "2897"]
[TimeControl "180+1"]
[EndTime "11:46:13 PDT"]
[Termination "jhonnyuribe won on time"]

1. d4 g6 2. Nf3 Bg7 3. e3 Nf6 4. Bd3 c5 5. Nbd2 O-O 6. c3 d5 7. dxc5 a5 8. O-O Nfd7 9. e4 Nxc5 10. Bc2 Be6 11. Qe2 Nc6 12. Rd1 d4 13. cxd4 Nxd4 14. Nxd4 Qxd4 15. Nf3 Qc4 16. Qxc4 Bxc4 17. Be3 Rfc8 18.
Bd4 Be2 19. Rd2 Bxf3 20. gxf3 Bxd4 21. Rxd4 Ne6 22. Rd2 Nf4 23. Rad1 Rc5 24. Bb3 Kg7 25. Rd7 a4 26. Bd5 e6 27. b4 Rc2 28. Bxb7 Rb8 29. Ra1 a3 30. b5 Ne2+ 31. Kg2 Nc3 32. Ba6 Nxb5 33. Rb1 Rb2 34. Rc1 Rxa2 35. Bxb5 Rxb5 36. Rcc7 Rg5+ 37. Kf1 Rb5 38. Rxf7+ Kh6 39. h4 g5 40.
Rf6+ 1-0

[Event "*** SCC Grand Prix: Titled Tuesday Blitz"]
[Site "Chess.com"]
[Date "2020.09.08"]
[Round "9"]
[White "IANOV0007"]
[Black "Kaslask"]
[Result "0-1"]
[WhiteElo "2408"]
[BlackElo "2316"]
[TimeControl "180+1"]
[EndTime "11:46:14 PDT"]
[Termination "Kaslask won on time"]

1. Nf3 Nf6 2. g3 b6 3. b3 Bb7 4.
Bg2 g6 5. Bb2 Bg7 6. c4 c5 7.
O-O O-O 8. Nc3 d6 9. d4 cxd4 10.
Qxd4 Nbd7 11. Rfd1 a6 12. Rac1 Rc8 13. Nd5 Rc5 14. e4 Re8 15. Ba1 Qb8 16. Qe3 b5 17. Bd4 Rcc8 18. cxb5 axb5 19. Rxc8 Qxc8 20. Rc1 Qb8 21.
Nxf6+ Nxf6 22. Nd2 Qa8 23. Rc2 Rc8 24. Qd3 Nd7 25. Bxg7 Kxg7 26. Rxc8 Qxc8 27. Qxb5 Qc1+ 28. Nf1 Bc6 29. Qe2 Nc5 30. Qd2 Qa1 31. Qc2 Bb5 32. h4 Bd3 33. Qd2 Bxe4 34. b4 Bxg2 35. Kxg2 Ne4 36.
Qc2 d5 37. Ne3 Qe5 0-1

[Event "*** SCC Grand Prix: Titled Tuesday Blitz"]
[Site "Chess.com"]
[Date "2020.09.08"]
[Round "9"]
[White "Gvetadze"]
[Black "emiliocordova"]
[Result "0-1"]
[WhiteElo "2484"]
[BlackElo "2809"]
[TimeControl "180+1"]
[EndTime "11:46:15 PDT"]
[Termination "emiliocordova won by checkmate"]

1. e4 c5 2. Nf3 Nc6 3. Bb5 g6 4. O-O Bg7 5. Nc3 Nf6 6. Re1 O-O 7. e5 Ne8 8. Bxc6 bxc6 9. d3 Nc7 10. Ne4 Ne6 11.
Be3 d6 12. Qd2 f5 13. exf6 exf6 14. Bh6 Rb8 15. Bxg7 Kxg7 16. b3 h6 17. Qc3 Kh7 18. d4 f5 19. Ng3 Qf6 20. Rad1 g5 21. Qa5 Rb7 22. dxc5 g4 23. Nd2 d5 24. Ndf1 f4 25.
Qd2 fxg3 26. Nxg3 Rbf7 27. c4 Qg6 28. cxd5 Rxf2 29. Qb4 Nf4 30. Rd2 Nd3 31. Rxd3 Qxd3 32. dxc6 Ba6 33. Qa5 Rf1+ 34. Rxf1 Qxf1+ 35. Nxf1 Rxf1# 0-1

[Event "*** SCC Grand Prix: Titled Tuesday Blitz"]
[Site "Chess.com"]
[Date "2020.09.08"]
[Round "9"]
[White "Kislov_Oleg"]
[Black "iLuusions"]
[Result "0-1"]
[WhiteElo "2391"]
[BlackElo "2569"]
[TimeControl "180+1"]
[EndTime "11:46:15 PDT"]
[Termination "iLuusions won by resignation"]

1. e4 c5 2. Nf3 d6 3. c3 Nf6 4. Be2 e6 5. O-O Be7 6. Re1 Nc6 7. Bf1 Qc7 8. d4 cxd4 9. cxd4 O-O 10. d5 exd5 11.
exd5 Ne5 12. Nxe5 dxe5 13. Nc3 Bf5 14. Bg5 Rfd8 15. Qb3 h6 16. Bh4 Rac8 17. Bg3 Nd7 18. Rac1 a6 19. a4 Bg5 20. Rcd1 Nc5 21. Qc4 Qd7 22.
Qb4 e4 23. d6 h5 24. Nd5 h4 25. Nb6 Qc6 26. Nxc8 Rxc8 27. Be5 Nd3 28. Bxd3 exd3 29. Qd4 h3 30. gxh3 Bxh3 31. Qe4 d2 32. Re2 Qxe4 33.
Rxe4 Rc1 34. f4 Rxd1+ 35. Kf2 Rf1+ 0-1

[Event "*** SCC Grand Prix: Titled Tuesday Blitz"]
[Site "Chess.com"]
[Date "2020.09.08"]
[Round "9"]
[White "pavelalexandru07"]
[Black "Larina_Marija"]
[Result "1-0"]
[WhiteElo "2270"]
[BlackElo "2095"]
[TimeControl "180+1"]
[EndTime "11:46:15 PDT"]
[Termination "pavelalexandru07 won by resignation"]

1. e4 c6 2. d4 d5 3. e5 c5 4. dxc5 Nc6 5. f4 e6 6. Be3 d4 7. Bf2 Bxc5 8. Bd3 Nge7 9. Nf3 Nf5 10. Nbd2 Ne3 11. Bxe3 dxe3 12. Nf1 Qb6 13. Rb1 Nb4 14. a3 Nxd3+ 15. Qxd3 O-O 16. b4 Rd8 17. Qe2 Bd7 18.
Rc1 Bxb4+ 19. axb4 Qxb4+ 20. c3 Qa3 21. Qc2 Ba4 22.
Qb1 Rac8 23. Nxe3 Qc5 24. Kf2 Bb5 25. Qb4 Qc6 26. Nd4 Rxd4 27. cxd4 Qd7 28. Rxc8+ Qxc8 29. Qxb5 a6 30. Qb6 h6 31. Rb1 Qc3 32. Qxb7 Qd2+ 33. Kf3 Qxd4 34. Qxa6 g5 35. g3 gxf4 36. gxf4 Qd3 37.
Qxd3 1-0

[Event "*** SCC Grand Prix: Titled Tuesday Blitz"]
[Site "Chess.com"]
[Date "2020.09.08"]
[Round "9"]
[White "ItsCheckM8Mate"]
[Black "anasta10"]
[Result "1-0"]
[WhiteElo "2335"]
[BlackElo "2435"]
[TimeControl "180+1"]
[EndTime "11:46:18 PDT"]
[Termination "ItsCheckM8Mate won by resignation"]

1. e4 e6 2. d4 d5 3. Nc3 Bb4 4. exd5 exd5 5. Bd3 Nc6 6. a3 Bxc3+ 7. bxc3 Nge7 8.
Qf3 Be6 9. Ne2 Qd7 10. h3 Bf5 11. O-O O-O 12. Ng3 Bxd3 13. cxd3 Rae8 14. a4 f6 15. Ba3 Rf7 16. Rfe1 g6 17. h4 f5 18. h5 f4 19. Nf1 g5 20. Nh2 Nf5 21. Rxe8+ Qxe8 22. Qxd5 Nce7 23. Qe6 Qc6 24. Re1 Qxe6 25.
Rxe6 Nd5 26. c4 Nc3 27. Ng4 Nxa4 28. h6 Rd7 29. Re5 Rf7 30. Re8+ 1-0

[Event "*** SCC Grand Prix: Titled Tuesday Blitz"]
[Site "Chess.com"]
[Date "2020.09.08"]
[Round "9"]
[White "pastouche06"]
[Black "MariaFominykh"]
[Result "1-0"]
[WhiteElo "2485"]
[BlackElo "2345"]
[TimeControl "180+1"]
[EndTime "11:46:19 PDT"]
[Termination "pastouche06 won by checkmate"]

1. d4 Nf6 2. c4 g6 3. f3 c5 4.
d5 e6 5. e4 exd5 6. cxd5 d6 7. Ne2 b5 8. Ng3 a6 9. a4 b4 10. Nd2 Nbd7 11. Nc4 a5 12. Bf4 Nb6 13. Nxb6 Qxb6 14. e5 dxe5 15. Bxe5 Bg7 16. Bb5+ Bd7 17. Bxd7+ Kxd7 18. O-O Rhe8 19. f4 Ke7 20. Qf3 Kf8 21.
Rad1 c4+ 22. Kh1 Rad8 23. Rfe1 Qc5 24. d6 Nd7 25. Ne4 Qc6 26. Bxg7+ Kxg7 27. f5 Ne5 28. f6+ Kh8 29. Qf4 Nd7 30. Qh6 Rg8 31. Ng5 Nxf6 32. Nxf7# 1-0

[Event "*** SCC Grand Prix: Titled Tuesday Blitz"]
[Site "Chess.com"]
[Date "2020.09.08"]
[Round "9"]
[White "JesseKraai"]
[Black "kosya4ok"]
[Result "1-0"]
[WhiteElo "2529"]
[BlackElo "2668"]
[TimeControl "180+1"]
[EndTime "11:46:21 PDT"]
[Termination "JesseKraai won on time"]

1. Nf3 g6 2. e4 Bg7 3. d4 c5 4.
d5 d6 5. Nc3 Nf6 6. Be2 O-O 7.
O-O Na6 8. h3 Nc7 9. a4 Rb8 10.
Bf4 Nd7 11. Re1 b6 12. Bf1 Bxc3 13. bxc3 f6 14. Nd2 a6 15. c4 b5 16. axb5 axb5 17. cxb5 Nxb5 18. Nc4 g5 19. Bg3 Rf7 20. Na5 Qf8 21.
Nc6 Rb7 22. Bxb5 Rxb5 23. Ra8 Rb7 24. Qa1 h5 25. Rb1 Nb6 26. Ra6 Nc4 27. Ra8 Nb6 28. Ra7 Rxa7 29. Qxa7 Nd7 30. Qc7 Ne5 31. Bxe5 fxe5 32.
Nd8 Rxf2 33. Qxc8 Rxc2 34. Qe6+ Kg7 35. Rf1 1-0

[Event "*** SCC Grand Prix: Titled Tuesday Blitz"]
[Site "Chess.com"]
[Date "2020.09.08"]
[Round "9"]
[White "Misticpikachu"]
[Black "KonstantinB_1983"]
[Result "0-1"]
[WhiteElo "2295"]
[BlackElo "2530"]
[TimeControl "180+1"]
[EndTime "11:46:21 PDT"]
[Termination "KonstantinB_1983 won on time"]

1. c4 c6 2. Nf3 d5 3. e3 Nf6 4. Nc3 g6 5. b3 Bg7 6. Bb2 O-O 7. Qc2 Bf5 8. d3 Na6 9. a3 dxc4 10. bxc4 Nc5 11.
e4 Bg4 12. Be2 Bxf3 13. gxf3 Nh5 14. O-O-O Bd4 15. Na4 Nxa4 16. Qxa4 Nf4 17. Qc2 a5 18. h4 h5 19. Qd2 e5 20. Rhg1 b5 21. Rg5 Qd6 22.
Bxd4 Qxd4 23. Qc2 b4 24. a4 b3 25. Qb2 Qxb2+ 26. Kxb2 Nxe2 27. Kxb3 Nd4+ 28. Kc3 Rfe8 29. f4 Ne2+ 30. Kd2 Nxf4 31. Rb1 Rad8 32. Rb3 Re6 33.
Ke3 f6 34. Rg3 Red6 0-1

[Event "*** SCC Grand Prix: Titled Tuesday Blitz"]
[Site "Chess.com"]
[Date "2020.09.08"]
[Round "9"]
[White "Guenplen"]
[Black "Gabrielian_Artur"]
[Result "1-0"]
[WhiteElo "2909"]
[BlackElo "2726"]
[TimeControl "180+1"]
[EndTime "11:46:22 PDT"]
[Termination "Guenplen won on time"]

1. d4 Nf6 2. Bf4 g6 3. c3 Bg7 4. h3 O-O 5. Nd2 d6 6. Ngf3 Nc6 7.
e3 b6 8. Bh2 Bb7 9. Be2 Re8 10.
O-O e5 11. Nc4 exd4 12. cxd4 Ne7 13. Rc1 Ned5 14. Nfd2 a6 15. Bf3 Rb8 16. Re1 Nb4 17. Bxb7 Rxb7 18. Qb3 Nc6 19. Nxd6 cxd6 20. Rxc6 d5 21.
Rec1 b5 22. Qc2 h5 23. Nb3 a5 24. Rc8 Qb6 25. Rxe8+ Nxe8 26. Qc8 Re7 27. Rc6 Qb7 28. Qxb7 Rxb7 29. Rc8 Re7 30. Nxa5 Re6 31. Nb7 Kh7 32.
Nc5 Re7 33. Kf1 Nf6 34. a3 1-0

[Event "*** SCC Grand Prix: Titled Tuesday Blitz"]
[Site "Chess.com"]
[Date "2020.09.08"]
[Round "9"]
[White "aNaartjieZA"]
[Black "vinniethepooh"]
[Result "1-0"]
[WhiteElo "2494"]
[BlackElo "2630"]
[TimeControl "180+1"]
[EndTime "11:46:22 PDT"]
[Termination "aNaartjieZA won on time"]

1. e4 c5 2. Nf3 d6 3. g3 Nf6 4. d3 Nc6 5. Bg2 e5 6. O-O Be7 7. c3 O-O 8. a3 a5 9. a4 Bg4 10. h3 Bh5 11. Na3 d5 12. exd5 Nxd5 13. Qb3 Qd7 14. Re1 Bxf3 15. Bxf3 Rfd8 16. Kg2 Bf6 17. Bd2 h6 18. Rad1 Nde7 19. Be3 b6 20. Qxb6 Rab8 21. Qxc5 Rxb2 22. Nb5 Nd5 23. Bc1 Rc2 24.
Rd2 Rxd2 25. Bxd2 Nce7 26. c4 Nb4 27. Bxb4 axb4 28. Qxb4 Nf5 29. Be4 Nd4 30. Nxd4 Qxd4 31. a5 Qa7 32. Rb1 Be7 33. Qb6 Qd7 34. a6 Qa4 35. a7 1-0

[Event "*** SCC Grand Prix: Titled Tuesday Blitz"]
[Site "Chess.com"]
[Date "2020.09.08"]
[Round "9"]
[White "Off-War"]
[Black "ViktoriyaTarasova"]
[Result "0-1"]
[WhiteElo "2636"]
[BlackElo "2272"]
[TimeControl "180+1"]
[EndTime "11:46:23 PDT"]
[Termination "ViktoriyaTarasova won by resignation"]

1. d4 Nf6 2. c4 e6 3. Nf3 b6 4. a3 Bb7 5. Nc3 d5 6. cxd5 exd5 7. Bg5 Nbd7 8. e3 a6 9. Bd3 Bd6 10. O-O O-O 11. b4 h6 12. Bh4 Re8 13.
Qc2 Rc8 14. Rab1 Qe7 15. Bg3 Bxg3 16. hxg3 Ne4 17. a4 Ndf6 18. b5 a5 19. Bxe4 Nxe4 20. Nxe4 dxe4 21. Ne5 Qe6 22. Rbc1 Bd5 23. Qd2 Red8 24.
Rc3 f6 25. Nc6 Bxc6 26. Rxc6 Rd6 27. Rc3 Qd7 28. Rfc1 c5 29. Qa2+ Kh7 30. dxc5 bxc5 31. Qc2 f5 32. Kh2 Rd2 33. Qb3 Rxf2 34. b6 Qd2 35. Rg1 Qe2 36. Qf7 Rf8 37. Re1 Rxf7 38. Rxe2 Rxe2 0-1

[Event "*** SCC Grand Prix: Titled Tuesday Blitz"]
[Site "Chess.com"]
[Date "2020.09.08"]
[Round "9"]
[White "beto-betun"]
[Black "champ1000"]
[Result "0-1"]
[WhiteElo "2143"]
[BlackElo "2300"]
[TimeControl "180+1"]
[EndTime "11:46:24 PDT"]
[Termination "champ1000 won on time"]

1. d4 Nf6 2. c4 e6 3. Nf3 d5 4. g3 Bb4+ 5. Bd2 Bd6 6. Bg2 c6 7. b3 Ne4 8. O-O Nd7 9. Bf4 Bxf4 10. gxf4 O-O 11. Qc2 f5 12. Nbd2 Ndf6 13. Ne5 Bd7 14.
Nxe4 Nxe4 15. f3 Nf6 16. Kf2 Nh5 17. e3 Qh4+ 18. Ke2 Rad8 19. Kd3 b6 20. Rf2 c5 21.
Kc3 cxd4+ 22. exd4 Nxf4 23. Rg1 dxc4 24. bxc4 Ba4 25. Qxa4 Qxf2 26. Rd1 Ne2+ 27. Kb4 Nxd4 28. Bf1 Qb2+ 0-1

[Event "*** SCC Grand Prix: Titled Tuesday Blitz"]
[Site "Chess.com"]
[Date "2020.09.08"]
[Round "9"]
[White "Zarinur"]
[Black "diamonds13"]
[Result "1-0"]
[WhiteElo "2146"]
[BlackElo "2279"]
[TimeControl "180+1"]
[EndTime "11:46:25 PDT"]
[Termination "Zarinur won by checkmate"]

1. e4 c6 2. d4 d5 3. exd5 cxd5 4. Bd3 Nc6 5. c3 Nf6 6. Bf4 g6 7. Nf3 Bg7 8. O-O O-O 9. Nbd2 Bg4 10. Qb3 b6 11.
Ne5 Nxe5 12. dxe5 Ne8 13. h3 Bc8 14. Nf3 e6 15. Rad1 h6 16. c4 Bb7 17. Qa3 Nc7 18. Nd4 Qd7 19. c5 bxc5 20. Qxc5 Rfc8 21. Qa3 Bf8 22. Qa5 a6 23. Qd2 Nb5 24. Nxb5 axb5 25. Bxh6 Rxa2 26. Bxf8 Rxf8 27. h4 f5 28. exf6 Rxf6 29.
Qg5 Kf7 30. h5 gxh5 31. Qxh5+ Ke7 32. Qh7+ Rf7 33. Qh4+ Kd6 34. Qb4+ Ke5 35. Bxb5 Qd6 36. Qd4+ Kf5 37. Bd3+ Kg5 38. f4+ Rxf4 39. Qg7+ Kh5 40. Qg6+ Kh4 41. g3+ Kh3 42. gxf4 Qc5+ 43. Rf2 Rxb2 44.
Qh6+ Kg3 45. Qg7+ Kh4 46. Qxb2 d4 47. Rh2+ Kg4 48. Qxb7 Kxf4 49. Rf1+ Ke3 50. Qf3# 1-0

[Event "*** SCC Grand Prix: Titled Tuesday Blitz"]
[Site "Chess.com"]
[Date "2020.09.08"]
[Round "9"]
[White "Supernotar"]
[Black "Klavdia_Nik"]
[Result "1-0"]
[WhiteElo "2782"]
[BlackElo "2118"]
[TimeControl "180+1"]
[EndTime "11:46:25 PDT"]
[Termination "Supernotar won on time"]

1. d4 Nf6 2. c4 c5 3. d5 b5 4.
Nf3 bxc4 5. Nc3 d6 6. e4 Nbd7 7. Bxc4 g6 8. O-O Bg7 9. Re1 Ng4 10. Nd2 Nge5 11. Bf1 Nb6 12. f4 Ned7 13. a4 Rb8 14. a5 Na8 15. Nc4 Qc7 16. e5 O-O 17. e6 Nf6 18. f5 Ba6 19. Bg5 Rb4 20. b3 Qb8 21.
Rb1 Nc7 22. exf7+ Rxf7 23. fxg6 hxg6 24. Qc2 Ncxd5 25. Nxd5 Nxd5 26. Qxg6 Rxb3 27. Rxb3 Qxb3 28. Nxd6 exd6 29. Bxa6 Qc3 30. Re8+ Rf8 31. Qe6+ Kh7 32. Rxf8 Bxf8 33. Qxd5 Qe1+ 34. Bf1 Bg7 35. Qd3+ Kg8 36. Be3 1-0

[Event "*** SCC Grand Prix: Titled Tuesday Blitz"]
[Site "Chess.com"]
[Date "2020.09.08"]
[Round "9"]
[White "AsaHoffmann"]
[Black "Thereisnof0rk"]
[Result "0-1"]
[WhiteElo "2374"]
[BlackElo "2274"]
[TimeControl "180+1"]
[EndTime "11:46:26 PDT"]
[Termination "Thereisnof0rk won by resignation"]

1. d4 d5 2. Bg5 h6 3. Bh4 c5 4. e3 Nc6 5. c3 Qb6 6. Qb3 c4 7. Qxb6 axb6 8. Nd2 b5 9. e4 dxe4 10. Nxe4 f5 11. d5 Na5 12. Nc5 g5 13. Bg3 f4 14.
Be2 Nf6 15. Bxf4 gxf4 16. Nh3 e5 17. Ne6 Nxd5 18. Bg4 Ke7 19. Nxf8 Rxf8 20. Bf3 Be6 21. O-O-O Nf6 22. Rhe1 Nc6 23. Ng1 Rxa2 24. Ne2 Rfa8 25. Bxc6 bxc6 26. Nxf4 Ra1+ 27. Kd2 Rxd1+ 28. Rxd1 Rd8+ 29.
Kc1 Rxd1+ 30. Kxd1 exf4 31. Ke2 Bd5 32. g3 f3+ 33. Ke3 Ng4+ 34. Kf4 Nxf2 35. h4 Nd3+ 36. Ke3 f2 37. Ke2 Bg2 38. g4 f1=Q+ 0-1

[Event "*** SCC Grand Prix: Titled Tuesday Blitz"]
[Site "Chess.com"]
[Date "2020.09.08"]
[Round "9"]
[White "Zhani-Z"]
[Black "olksuna"]
[Result "0-1"]
[WhiteElo "2511"]
[BlackElo "2672"]
[TimeControl "180+1"]
[EndTime "11:46:29 PDT"]
[Termination "olksuna won on time"]

1. e4 d6 2. d4 Nf6 3. Nc3 c6 4.
f4 Qa5 5. e5 Ne4 6. Bd3 Nxc3 7.
Qd2 g6 8. bxc3 Bg7 9. Nf3 O-O 10. O-O Nd7 11. Qf2 Qxc3 12. Bd2 Qa3 13. Qh4 c5 14. f5 dxe5 15. fxg6 fxg6 16. Bc4+ Kh8 17. Ng5 h5 18. Nf7+ Rxf7 19. Rxf7 Nf6 20. dxe5 Qb2 21. Re1 Ng4 22. Qxe7 Qd4+ 23. Be3 Nxe3 24. Rf8+ Kh7 25. Bg8+ Kh6 0-1

[Event "*** SCC Grand Prix: Titled Tuesday Blitz"]
[Site "Chess.com"]
[Date "2020.09.08"]
[Round "9"]
[White "QuintilianoR"]
[Black "JoliyRoger"]
[Result "0-1"]
[WhiteElo "2605"]
[BlackElo "2439"]
[TimeControl "180+1"]
[EndTime "11:46:29 PDT"]
[Termination "JoliyRoger won by resignation"]

1. Nf3 Nf6 2. c4 e6 3. Nc3 c5 4. g3 Be7 5. Bg2 O-O 6. O-O Nc6 7. d4 cxd4 8. Nxd4 Ne5 9. b3 d6 10. Bb2 a6 11. Rc1 Qc7 12. h3 Re8 13. Kh1 Rb8 14. e3 Bf8 15. Qd2 Nfd7 16. f4 Ng6 17. f5 Nge5 18.
fxe6 fxe6 19. Qf2 Nc5 20. Rcd1 Ncd3 21. Qc2 Nxb2 22. Qxb2 b6 23. Nf3 Ng6 24. Ng5 Ne5 25. Qc2 g6 26. Nce4 Be7 27. Nf6+ Bxf6 28. Rxf6 Qg7 29.
Rdf1 Bb7 30. Bxb7 Qxb7+ 31. Qg2 Qd7 32. Qe4 Rf8 33. Qf4 Rxf6 34. Qxf6 Re8 35. Kh2 b5 36. Qf4 Qe7 37. Ne4 Kg7 38. cxb5 axb5 39. Rd1 Rf8 0-1